 Dungeon Crawl Stone Soup version 0.31-a0-1522-g43313d8a59 (webtiles) character file.

Game seed: 705205978416612110

1984 jlumianski the Ruffian (level 9, -1/102 HPs)
             Began as a Gnoll Shapeshifter on Dec 31, 2023.
             Was a Follower of Wu Jian.
             Slain by a +2 spectral quarterstaff (15 damage)
             ... created by Joseph
             ... on level 10 of the Dungeon.
             The game lasted 00:26:18 (5743 turns).

jlumianski the Ruffian (Gnoll Shapeshifter)         Turns: 5743, Time: 00:26:18

Health: -1/102     AC:  5    Str: 18    XL:     9   Next: 21%
Magic:  15/15      EV: 23    Int: 10    God:    Wu Jian [*.....]
Gold:   380        SH:  0    Dex: 11    Spells: 11/16 levels left

rFire   . .          .
                       - Unarmed
rCold   . . .        (shield currently unavailable)
rNeg    . . .        o - melded +0 ring mail
rPois   .            p - +0 helmet
rElec   .            (no cloak)
rCorr   .            j - +1 pair of gloves
SInv    .            C - +1 pair of boots
Will    .....        F - amulet of faith Stlth
                     n - ring of flight
HPRegen 0.37/turn    i - +5 ring of evasion
MPRegen 0.14/turn

%: faith
@: berserking, flux-form, flying, glowing, very quick
A: glow, contaminating, fangs 1, strong nose, distributed training
a: Begin Untransformation, Renounce Religion


You were on level 10 of the Dungeon.
You worshipped Wu Jian.
Wu Jian was aware of your devotion.
You were something dangerously unstable.
You visited 2 branches of the dungeon, and saw 10 of its levels.
You also visited: Sewer.

You collected 380 gold pieces.

Inventory:

Hand Weapons
 b - a +2 whip of protection
Missiles
 e - 3 boomerangs
 g - 20 poisoned darts (quivered)
Armour
 a - a +0 animal skin
 j - a +1 pair of gloves (worn)
 o - a +0 ring mail (melded)
 p - a +0 helmet (worn)
 x - the +0 robe of Raraefuv {Rampage *Slow rCorr Int+4}
   (You found it on level 2 of the Dungeon)

   Int+4:     It affects your intelligence (+4).
   rCorr:     It protects you from acid and corrosion.
   *Slow:     It may slow you when you take damage.
   Rampage:   It bestows one free step when moving towards enemies.
 C - a +1 pair of boots (worn)
 I - an orb of energy
Jewellery
 i - a +5 ring of evasion (right hand)
 n - a ring of flight (left hand)
 u - a ring of protection from cold
 v - an amulet of magic regeneration
 E - a +5 ring of evasion
 F - an amulet of faith (around neck)
Talismans
 c - a beast talisman
 d - a flux talisman (active)
 t - a serpent talisman
Wands
 D - a wand of iceblast (7)
Scrolls
 h - 3 scrolls of enchant weapon
 k - 2 scrolls of amnesia
 m - a scroll of acquirement {unknown}
 q - 3 scrolls of immolation
 s - 2 scrolls of poison
 w - a scroll of torment {unknown}
 y - 2 scrolls of teleportation
 z - a scroll of fog {unknown}
 A - a scroll of fear {unknown}
 G - 2 scrolls of brand weapon
 J - a scroll of noise {unknown}
 M - a scroll of blinking {unknown}
Potions
 f - a potion of mutation
 l - a potion of magic
 B - a potion of cancellation
 H - a potion of enlightenment {unknown}
 K - a potion of lignification
 L - a potion of resistance {unknown}


   Skills:
 + Level 5.0 Fighting
 + Level 4.1 Short Blades
 + Level 4.1 Long Blades
 + Level 4.1 Axes
 + Level 4.1 Maces & Flails
 + Level 4.1 Polearms
 + Level 4.1 Staves
 + Level 4.1 Ranged Weapons
 + Level 4.1 Throwing
 + Level 4.1 Armour
 + Level 6.2 Dodging
 + Level 4.1 Stealth
 + Level 4.1 Shields
 + Level 7.8 Unarmed Combat
 + Level 4.1 Spellcasting
 + Level 3.4 Conjurations
 + Level 3.4 Hexes
 + Level 3.4 Summonings
 + Level 3.4 Necromancy
 + Level 3.4 Translocations
 + Level 3.4 Fire Magic
 + Level 3.4 Ice Magic
 + Level 3.4 Air Magic
 + Level 3.4 Earth Magic
 + Level 3.4 Alchemy
 + Level 4.6 Invocations
 + Level 4.1 Evocations
 + Level 7.6 Shapeshifting


You had 11 spell levels left.
You knew the following spells:

 Your Spells              Type           Power      Damage    Failure   Level
a - Sting                 Conj/Alch      32%        1d5       6%          1
b - Call Imp              Summ           16%        N/A       10%         2
c - Mercury Vapours       Alch/Air       16%        N/A       10%         2

Your spell library contained the following spells:

 Spells                   Type           Power      Damage    Failure   Level
 Magic Dart               Conj           32%        1d4       6%          1
 Summon Small Mammal      Summ           32%        N/A       6%          1
 Searing Ray              Conj           16%        2d5       10%         2
 Sublimation of Blood     Necr           8%         N/A       10%         2
 Call Canine Familiar     Summ           8%         N/A       19%         3
 Hailstorm                Conj/Ice       8%         3d5       19%         3
 Inner Flame              Hex/Fire       8%         N/A       19%         3
 Summon Ice Beast         Ice/Summ       8%         N/A       19%         3
 Flame Wave               Conj/Fire      8%         2d5       52%         4
 Fulminant Prism          Conj/Alch      4%         3d5       52%         4
 Olgreb's Toxic Radiance  Alch           8%         N/A       52%         4
 Sticky Flame             Fire/Alch      8%         2d4       52%         4
 Summon Blazeheart Golem  Fire/Summ      8%         N/A       52%         4
 Irradiate                Conj/Alch      4%         3d13      86%         5
 Sculpt Simulacrum        Ice/Alch       4%         N/A       100%        6
 Summon Hydra             Summ           4%         N/A       100%        7
 Ignition                 Fire           4%         3d4       100%        8


Dungeon Overview and Level Annotations

Branches:
Dungeon (8/15)             Temple (1/1) D:4           Sewer (visited)
   Lair: D:8-11

Altars:
Ashenzari
Cheibriados
Dithmenos
Elyvilon
Fedhas
Gozag
Hepliaklqana
Kikubaaqudgha
Nemelex Xobeh
Okawaru
Qazlal
Ru
Sif Muna
Trog
Uskayaw
Vehumet
Wu Jian
Xom
Yredelemnul
Zin
The Shining One

Annotations:
D:8 Pikel
D:10 Joseph


Innate Abilities, Weirdness & Mutations

You are something dangerously unstable.
You glow with magical radiation, making you easy to see and hit.
Foes you strike become dangerously contaminated with magical radiation.
You are incapable of wielding weapons or throwing items.
You have very sharp teeth.
Your uncanny sense of smell can sniff out nearby items.
Your experience applies equally to all skills.


Message History

Unknown command.
You start memorising the spell.
You continue memorising. x2
You finish memorising.
Spell assigned to 'c'.
L - a yellow potion
Found a broken altar of Ashenzari.
Found a scroll labelled DOR OSYGHOUPP.
A malevolent force fills the Dungeon...
You are sucked into a shaft and drop 3 floors!
The shaft crumbles and collapses.
Okay, then.
Unknown command.
Unknown command.
Found a scroll labelled XUOGGU GUUNOHA.
M - a scroll labelled XUOGGU GUUNOHA Joseph, a Mercenary comes into view.
He is wielding a +2 spectral quarterstaff.
Joseph shouts!
Joseph smiles happily.
You spin and attack Joseph.
You closely miss Joseph. Joseph completely misses you.
The +2 spectral quarterstaff hits you!
A +2 spectral quarterstaff comes into view.
You barely miss Joseph. Your bite misses Joseph.
The +2 spectral quarterstaff misses you.
You hit Joseph but do no damage.
Joseph begins to glow.
The +2 spectral quarterstaff hits you! Joseph misses you.
The +2 spectral quarterstaff hits you!
You barely miss Joseph.
The +2 spectral quarterstaff misses you.
Joseph misses you.
The +2 spectral quarterstaff barely misses you.
The +2 spectral quarterstaff hits you!
* * * LOW HITPOINT WARNING * * *
You hit Joseph.
Joseph glows dangerously bright.
Joseph is lightly wounded.
The +2 spectral quarterstaff barely misses you.
Joseph closely misses you. The +2 spectral quarterstaff hits you!
* * * LOW HITPOINT WARNING * * *
A red film seems to cover your vision as you go berserk!
You feel yourself moving faster!
You feel mighty! The +2 spectral quarterstaff hits you!
You die...

#### ..#
########### #.#
..........####.###
######.........(p#
# #.###.##.##@# #
#.# #.##.##.# #
#.# #.##....# ..
#.# #.#####.# #..#
... #.# #.# #..#
... #.. ..# # .#
### #.# # .#


You could see Joseph (heavy contam) and a +2 spectral quarterstaff.

Vanquished Creatures
  A wyvern (D:6)
  Edmund (D:4)
  An acid dragon (D:7)
  An orc warrior (D:6)
  Duvessa (D:6)
  A crocodile (Sewer)
  A black bear (D:6)
  A lemure (D:7)
  A brain worm (Sewer)
  A bullfrog (D:7)
  3 scorpions
  4 wights
  Dowan (D:5)
  A bombardier beetle (D:4)
  4 hounds
  An orc priest (D:3)
  2 iguanas
  Jessica (D:3)
  Natasha (D:3)
  10 orc wizards
  Robin (D:3)
  4 adders
  2 shadow imps
  2 ufetubi (D:6)
  2 dart slugs
  3 ribbon worms
  20 orcs
  4 endoplasms
  3 giant cockroaches
  12 goblins
  8 hobgoblins
  5 kobolds
  2 quokkas
  3 ball pythons
  8 bats
  3 frilled lizards (D:2)
  5 rats
125 creatures vanquished.

Notes
Turn   | Place    | Note
-------+----------+-------------------------------------------
     0 | D:1      | jlumianski the Gnoll Shapeshifter began the quest for the
                  | Orb.
     0 | D:1      | Reached XP level 1. HP: 17/17 MP: 1/1
   348 | D:1      | Reached XP level 2. HP: 18/23 MP: 2/2
   795 | D:2      | Found a sparkling altar of Nemelex Xobeh.
   901 | D:3      | Noticed Jessica
   906 | D:3      | Reached XP level 3. HP: 26/28 MP: 3/3
   913 | D:3      | Reached skill level 1 in Short Blades
   913 | D:3      | Reached skill level 1 in Long Blades
   913 | D:3      | Reached skill level 1 in Axes
   913 | D:3      | Reached skill level 1 in Maces & Flails
   913 | D:3      | Reached skill level 1 in Polearms
   913 | D:3      | Reached skill level 1 in Staves
   913 | D:3      | Reached skill level 1 in Ranged Weapons
   913 | D:3      | Reached skill level 1 in Throwing
   913 | D:3      | Reached skill level 1 in Armour
   913 | D:3      | Reached skill level 1 in Stealth
   913 | D:3      | Reached skill level 1 in Shields
   913 | D:3      | Reached skill level 1 in Spellcasting
   913 | D:3      | Reached skill level 1 in Invocations
   913 | D:3      | Reached skill level 1 in Evocations
   917 | D:3      | Reached skill level 1 in Conjurations
   917 | D:3      | Reached skill level 1 in Hexes
   917 | D:3      | Reached skill level 1 in Summonings
   917 | D:3      | Reached skill level 1 in Necromancy
   917 | D:3      | Reached skill level 1 in Translocations
   917 | D:3      | Reached skill level 1 in Fire Magic
   917 | D:3      | Reached skill level 1 in Ice Magic
   917 | D:3      | Reached skill level 1 in Air Magic
   917 | D:3      | Reached skill level 1 in Earth Magic
   917 | D:3      | Reached skill level 1 in Alchemy
   917 | D:3      | Reached XP level 4. HP: 21/34 MP: 3/5
   921 | D:3      | Killed Jessica
  1012 | D:3      | Noticed Robin
  1021 | D:3      | Reached XP level 5. HP: 34/40 MP: 7/7
  1055 | D:3      | Killed Robin
  1185 | D:3      | Found a glowing drain.
  1189 | Sewer    | Entered a sewer
  1219 | Sewer    | Reached skill level 5 in Dodging
  1219 | Sewer    | Reached XP level 6. HP: 47/47 MP: 8/8
  1557 | D:2      | Identified the +0 robe of Raraefuv {Rampage *Slow rCorr
                  | Int+4}
  2606 | D:4      | Noticed Natasha
  2643 | D:3      | Killed Natasha
  2848 | D:4      | Reached XP level 7. HP: 51/52 MP: 10/10
  2884 | D:4      | Found a staircase to the Ecumenical Temple.
  2891 | D:4      | Noticed Edmund
  2901 | D:4      | Killed Edmund
  2909 | Temple   | Entered the Ecumenical Temple
  2918 | Temple   | Became a worshipper of the Wu Jian Council
  3143 | D:5      | Entered Level 5 of the Dungeon
  3212 | D:4      | Learned a level 1 spell: Sting
  3285 | D:4      | Identified the +0 leather armour of Compassion {rF++
                  | Slay-3}
  3853 | D:5      | Reached XP level 8. HP: 42/60 MP: 12/12
  4055 | D:6      | Found a sacrificial altar of Ru.
  4056 | D:6      | Found a glowing silver altar of Zin.
  4098 | D:6      | Reached * piety under Wu Jian
  4572 | D:7      | Noticed a wyvern
  4581 | D:6      | Killed a wyvern
  4763 | D:6      | Noticed Duvessa
  4763 | D:6      | Noticed Dowan
  4780 | D:6      | Killed Duvessa
  4859 | D:5      | Killed Dowan
  5277 | D:7      | Reached XP level 9. HP: 57/67 MP: 13/15
  5569 | D:8      | Noticed a hornet
  5576 | D:8      | Noticed Pikel
  5630 | D:7      | Reached skill level 5 in Fighting
  5697 | D:7      | Learned a level 2 spell: Call Imp
  5700 | D:7      | Learned a level 2 spell: Mercury Vapours
  5705 | D:7      | Found a broken altar of Ashenzari.
  5711 | D:7      | You are sucked into a shaft and drop 3 floors!
  5711 | D:10     | Entered Level 10 of the Dungeon
  5737 | D:10     | Noticed Joseph
  5743 | D:10     | Slain by a +2 spectral quarterstaff

Illustrated notes

Levels and vault maps discovered:
D:1:      tarquinn_simple_flora_water_a, layout_rooms, nrook_mini_vaults
D:2:      layout_basic, basic_altar, nicolae_figureground_sparkle
D:3:      layout_loops_ring, gup_sewer_entry_spiral, hangedman_decor_push,
          uniq_jessica, uniq_robin
D:4:      layout_loops_cross, temple_fountains, kennysheep_generic_room_8,
          uniq_edmund, uniq_natasha
D:5:      layout_rooms
D:6:      layout_gridville, grunt_temple_overflow_open,
          minmay_misc_feat_columns, uniq_duvessa
D:7:      layout_basic, cheibrodos_ashenzari_chains
D:8:      layout_loops_ring, minmay_bent, uniq_pikel
D:10:     layout_loops_cross, jmf_multi_god_temple, uniq_joseph
Temple:   nicolae_temple_bog_church

Skill      XL: |  1  2  3  4  5  6  7  8  9 |
---------------+----------------------------+-----
Short Blades   | 1 2 3 4 |  4.1
Long Blades    | 1 2 3 4 |  4.1
Axes           | 1 2 3 4 |  4.1
Maces & Flails | 1 2 3 4 |  4.1
Polearms       | 1 2 3 4 |  4.1
Staves         | 1 2 3 4 |  4.1
Ranged Weapons | 1 2 3 4 |  4.1
Throwing       | 1 2 3 4 |  4.1
Armour         | 1 2 3 4 |  4.1
Stealth        | 1 2 3 4 |  4.1
Shields        | 1 2 3 4 |  4.1
Spellcasting   | 1 2 3 4 |  4.1
Invocations    | 1 2 3 4 |  4.6
Evocations     | 1 2 3 4 |  4.1
Conjurations   | 1 2 3 |  3.4
Hexes          | 1 2 3 |  3.4
Summonings     | 1 2 3 |  3.4
Necromancy     | 1 2 3 |  3.4
Translocations | 1 2 3 |  3.4
Fire Magic     | 1 2 3 |  3.4
Ice Magic      | 1 2 3 |  3.4
Air Magic      | 1 2 3 |  3.4
Earth Magic    | 1 2 3 |  3.4
Alchemy        | 1 2 3 |  3.4
Fighting       | 3 4 5 |  5.0
Dodging        | 5 6 |  6.2
Unarmed Combat | 7 |  7.8
Shapeshifting  | 7 |  7.6

Action                     |  1- 3 |  4- 6 |  7- 9 || total
---------------------------+-------+-------+-------++-------
  Melee: Unarmed           |    50 |   118 |   222 ||   390
         Bite              |     6 |    10 |    25 ||    41
         Punch             |     1 |     3 |       ||     4
  Throw: Dart              |       |     4 |       ||     4
   Cast: Sting             |       |       |    12 ||    12
Ability: Lunge             |       |       |    10 ||    10
         Whirlwind         |       |       |     7 ||     7
    Use: Scroll            |     1 |     8 |     3 ||    12
         Potion            |       |     1 |     3 ||     4
   Stab: Sleeping          |     1 |       |       ||     1
 Armour: Animal skin       |    20 |     1 |       ||    21
         Ring mail         |       |    58 |       ||    58
         Skin              |       |     9 |    76 ||    85
  Dodge: Dodged            |    19 |    60 |   200 ||   279
   Form: Flux              |       |     1 |       ||     1

Table legend: (Time is in decaauts)
 A = Elapsed time spent in this place.
 B = Non-inter-level travel time spent in this place.
 C = Inter-level travel time spent in this place.
 D = Time resting spent in this place.
 E = Time spent auto-exploring this place.
 F = Levels seen in this place.
 G = Mean time per level.
                   A        B        C        D        E       F      G
               +--------+--------+--------+--------+--------+-----+--------+
         Total |   5721 |   5639 |     82 |    435 |   3241 |  11 |  520.1 |
       Dungeon |   5517 |   5435 |     82 |    435 |   3178 |   9 |  613.0 |
        Temple |     20 |     20 |      0 |      0 |      0 |   1 |   20.0 |
         Sewer |    182 |    182 |      0 |      0 |     63 |   1 |  182.0 |
               +--------+--------+--------+--------+--------+-----+--------+

Top non-repeatable levels by time:
     D:3: 1198 daAuts
     D:6: 1092 daAuts
     D:4: 956 daAuts
     D:2: 849 daAuts
     D:5: 692 daAuts
     D:1: 490 daAuts
     D:7: 188 daAuts
   Sewer: 182 daAuts
    D:10: 31 daAuts
  Temple: 20 daAuts
     D:8: 18 daAuts
